Map: Frozen Temple

Players

Bananane

  • Race: Protoss Protoss
  • League: Master

Miszu - Winner!

  • Race: Terran Terran
  • League: Master

VOD

Have the link to the VOD?

Description

Time

  • Played on: April 9, 2016, 4:23 p.m.
  • Length: 5:53
Show
View Real Time Build Order
Export as new Build Order

Bananane Protoss 

Build Orders: 1 Gate Expand, Dark Templar Rush 

Get SALT Encoding   

  12  0:01  Probe (Chrono Boost)  
  13  0:11  Probe (Chrono Boost)  
  14  0:18  Pylon  
  14  0:22  Probe (Chrono Boost)  
  15  0:37  Gateway, Probe (Chrono Boost)  
  15  0:42  Assimilator  
  16  0:47  Probe (Chrono Boost)  
  17  0:58  Probe (Chrono Boost)  
  18  1:08  Probe (Chrono Boost)  
  19  1:23  Nexus  
  19  1:33  Probe (Chrono Boost)  
  19  1:38  Cybernetics Core  
  20  1:44  Assimilator  
  20  1:45  Probe (Chrono Boost)  
  21  1:54  Pylon  
  21  1:56  Probe (Chrono Boost)  
  22  2:07  Probe (Chrono Boost)  
  23  2:16  Adept (Chrono Boost)  
  23  2:17  Warp Gate  
  23  2:18  Mothership Core  
  27  2:34  Twilight Council, Probe  
  28  2:44  Stalker (Chrono Boost)  
  28  2:45  Probe  
  31  2:55  Probe  
  31  2:57  Probe  
  33  3:05  Robotics Facility  
  33  3:30  Dark Shrine  
  33  3:41  Stalker (Chrono Boost)  
  33  3:45  Pylon  
  33  3:55  Gateway  
  33  3:57  Warp Prism (Chrono Boost)  
  33  3:58  Gateway  
  14  4:46  Dark Templar  
  12  4:58  Dark Templar  
  7  5:09  Probe  
  7  5:10  Probe  
Show
View Real Time Build Order
Export as new Build Order

Miszu Terran - Winner!

Build Orders: 1/1/1, Liberator Opening 

Get SALT Encoding   

  12  0:00  SCV  
  13  0:13  SCV  
  14  0:18  Supply Depot  
  14  0:25  SCV  
  14  0:27  Refinery  
  15  0:39  SCV  
  16  0:45  Barracks  
  16  0:51  SCV  
  17  1:03  SCV  
  18  1:15  SCV  
  19  1:28  SCV  
  20  1:32  Marine  
  20  1:33  Factory  
  21  1:40  Orbital Command  
  21  1:44  Supply Depot  
  21  1:50  Marine  
  22  2:05  SCV  
  22  2:08  Marine  
  24  2:17  Hellion  
  24  2:19  Starport, SCV  
  27  2:26  Marine  
  28  2:31  SCV  
  28  2:36  Supply Depot  
  29  2:39  Hellion  
  29  2:43  Supply Depot  
  31  2:49  Refinery  
  31  2:57  Marine, Medivac, SCV  
  35  2:59  Supply Depot  
  35  3:02  Hellion  
  37  3:09  SCV  
  38  3:17  Barracks Reactor  
  38  3:21  SCV  
  39  3:29  Liberator  
  39  3:33  SCV  
  39  3:43  Command Center  
  42  3:55  SCV  
  42  3:58  Supply Depot  
  40  4:29  SCV  
  41  4:32  Engineering Bay  
  41  4:37  Marine  
  41  4:38  Factory Tech Lab  
  42  4:41  SCV  
  43  4:45  Liberator  
  43  4:48  Supply Depot  
  43  5:01  Marine x2  
  43  5:03  SCV  
  45  5:12  Missile Turret  
  45  5:13  Siege Tank  
  48  5:16  SCV  
  48  5:17  Barracks, Missile Turret  
  48  5:18  Barracks  
  49  5:22  Marine x2  
  49  5:23  Orbital Command  
  51  5:31  SCV  
Tags
 
Add a new tag
Caveats
  • Supply blocks, unpowered buildings, or Contaminate may cause inaccurate times.
  • Supply counts are checked every 10 seconds.